 Dungeon Crawl Stone Soup version 0.29-a0-319-gad05b8d819 (webtiles) character file.

Game seed: 8240159931862431434

2965 jmlagarto the Cleaver (level 9, -3/66 HPs)
             Began as a Gnoll Chaos Knight on Apr 1, 2022.
             Was a Plaything of Xom.
             Shot with a bolt by an orc (4 damage)
             ... in a bailey.
             The game lasted 00:19:22 (8845 turns).

jmlagarto the Cleaver (Gnoll Chaos Knight)          Turns: 8845, Time: 00:19:23

Health: -3/66      AC: 13    Str: 15      XL:     9   Next: 82%
Magic:  8/15       EV: 10    Int: 11 (12) God:    Xom [......]
Gold:   340        SH: 12    Dex: 11 (13) Spells: 17/17 levels left

rFire   + + +      SeeInvis .   C - +1 spear of Beyond {vorpal, rElec rC+}
rCold   + . .      Faith    .   q - +0 kite shield "Kuadir" {Drain rF+++ Stlth+}
rNeg    . . .      Spirit   .   H - +0 swamp dragon scales
rPois   +          Reflect  .   F - +1 helmet {Int+3}
rElec   +          Harm     .   N - +0 cloak
rCorr   .          Rampage  .   g - +0 pair of gloves
Will    +....                   G - +0 pair of boots
Stlth   ++........              (no amulet)
HPRegen 0.21/turn               n - ring of willpower
MPRegen 0.14/turn               (no ring)

@: on berserk cooldown, slowed, studying Stealth, unable to read, very slow
A: fangs 1, strong nose, distributed training, hooves 1, iridescent scales 1,
large bone plates 1, deformed body, deterioration 1, dopey 1, frail 1, mutation
resistance 1, screaming 1, inability to read while threatened
a: Renounce Religion


You were in a bailey.
You worshipped Xom.
You were a very special plaything of Xom.
You visited 1 branch of the dungeon, and saw 8 of its levels.
You also visited: Sewer and Bailey.

You collected 403 gold pieces.
You spent 63 gold pieces at shops.

Inventory:

Hand Weapons
 a - a +0 hand axe of chaos
 C - the +1 spear of Beyond (weapon) {vorpal, rElec rC+}
   (You found it on level 3 of the Dungeon)

   It inflicts extra damage upon your enemies.
   rC:        It protects you from cold.
   rElec:     It insulates you from electricity.
Missiles
 d - 5 throwing nets
Armour
 g - a +0 pair of gloves (worn)
 q - the +0 kite shield "Kuadir" (worn) {Drain rF+++ Stlth+}
   (You found it on level 3 of the Dungeon)

   rF:        It renders you almost immune to fire.
   Drain:     It drains your maximum health when unequipped.
   Stlth:     It makes you more stealthy.
 F - a +1 helmet of intelligence (worn)
 G - a +0 pair of boots (worn)
 H - +0 swamp dragon scales (worn)
 N - a +0 cloak (worn)
Jewellery
 n - a ring of willpower (left hand)
 M - an amulet of regeneration
Wands
 i - a wand of digging (8)
 t - a wand of acid (6)
 D - a wand of flame (10)
Scrolls
 e - 2 scrolls of immolation
 j - a scroll of enchant weapon {unknown}
 k - a scroll of blinking
 w - 4 scrolls of fog
 x - a scroll of torment
 y - 2 scrolls of teleportation {unknown}
 E - a scroll of vulnerability {unknown}
 I - a scroll of amnesia {unknown}
 L - a scroll of silence {unknown}
Potions
 b - a potion of mutation {unknown}
 l - 2 potions of magic {unknown}
 m - 4 potions of lignification {unknown}
 o - 4 potions of curing
 p - a potion of resistance
 r - 5 potions of flight {unknown}
 s - a potion of experience {unknown}
 u - 2 potions of ambrosia {unknown}
 v - a potion of might {unknown}
 z - a potion of attraction {unknown}
 A - 2 potions of brilliance {unknown}
 J - a potion of haste {unknown}
 K - a potion of degeneration {unknown}
Miscellaneous
 c - a piece from Xom's chessboard (7/15) (quivered)


   Skills:
 + Level 8.1 Fighting
 + Level 4.6 Short Blades
 + Level 4.6 Long Blades
 + Level 8.1 Axes
 + Level 4.6 Maces & Flails
 + Level 4.6 Polearms
 + Level 4.6 Staves
 + Level 4.6 Slings
 + Level 4.6 Bows
 + Level 4.6 Crossbows
 + Level 4.6 Throwing
 + Level 6.6 Armour
 + Level 5.3 Dodging
 + Level 6.2 Stealth
 + Level 4.6 Shields
 + Level 4.6 Unarmed Combat
 + Level 4.6 Spellcasting
 + Level 3.8 Conjurations
 + Level 3.8 Hexes
 + Level 3.8 Summonings
 + Level 3.8 Necromancy
 + Level 3.8 Translocations
 + Level 3.8 Transmutations
 + Level 3.8 Fire Magic
 + Level 3.8 Ice Magic
 + Level 3.8 Air Magic
 + Level 3.8 Earth Magic
 + Level 3.8 Poison Magic
 + Level 5.1 Invocations
 + Level 4.6 Evocations


You had 17 spell levels left.
You didn't know any spells.
Your spell library contained the following spells:

 Spells                   Type           Power      Damage    Failure   Level
 Animate Skeleton         Necr           20%        N/A       24%         1
 Pain                     Necr           40%        1d6       24%         1
 Vampiric Draining        Necr           10%        2d6       58%         3


Dungeon Overview and Level Annotations

Branches:
Dungeon (8/15)             Temple (0/1) D:5           Sewer (visited)
 Bailey (1/1)
   Lair: D:8-11

Altars:
Cheibriados
Dithmenos
Fedhas
Gozag
Hepliaklqana
Kikubaaqudgha
Makhleb
Nemelex Xobeh
Ru
Uskayaw
Xom
Zin

Shops:
D:3 [   D:4 (:*(


Innate Abilities, Weirdness & Mutations

You have very sharp teeth.
Your uncanny sense of smell can sniff out nearby items.
Your experience applies equally to all skills.
You have large cloven feet.
You are partially covered in iridescent scales. (AC +2)
You are partially covered in large bone plates. (SH +4)
Armour fits poorly on your strangely shaped body.
Your body sometimes deteriorates upon taking damage.
You are dopey. (Int -2)
You are frail. (-10% HP)
You are somewhat resistant to further mutation.
You occasionally shout uncontrollably at your foes.
You sometimes lose the ability to read scrolls when taking damage.


Message History

* * * LOW HITPOINT WARNING * * *
The orc warrior convulses! x2; The orc convulses! x2
It was a scroll of torment.
The orc warrior barely misses you.
The orc shoots a bolt.
You block the bolt. The orc closely misses you.
You block the orc warrior's attack.
The orc warrior splashes around in the water.
The orc shoots a bolt.
You block the bolt.
You hit the orc but do no damage.
The orc is heavily wounded.
The orc warrior hits you but does no damage.
The orc barely misses you.
The orc warrior splashes around in the water.
The orc shoots a bolt.
The bolt closely misses you. You block the orc's attack.
The orc warrior misses you.
You feel better.
You can read scrolls again.
The orc warrior splashes around in the water.
The orc shoots a bolt.
The bolt hits you.
* * * LOW HITPOINT WARNING * * *
You block the orc's attack.
The orc warrior splashes around in the water.
The orc warrior hits you but does no damage.
You hit the orc.
The orc is severely wounded.
The orc warrior hits you but does no damage.
You block the orc's attack. The orc warrior closely misses you.
The orc shoots a bolt.
You block the bolt.
The orc splashes around in the water.
The orc warrior splashes around in the water.
Your unstable footing causes you to fumble your attack.
You block the orc warrior's attack.
The orc shoots a bolt.
The bolt hits you!
You feel threatened and lose the ability to read scrolls!
* * * LOW HITPOINT WARNING * * *
Xom roars with laughter!
Your body deteriorates!
You feel clumsy.
You feel your power leaking away. You block the orc's attack.
You block the orc warrior's attack.
The orc warrior hits you but does no damage.
The orc shoots a bolt.
The bolt hits you.
You die...
Xom is highly amused!

≈≈#*≈***,8,***≈**≈≈≈≈≈≈≈
≈≈#*≈+,*,, * ≈ *≈≈≈≈≈≈≈ ,
≈≈#* # **+*** ≈##≈≈≈≈≈≈≈
≈≈##≈≈**∩∆∩** ≈#≈≈≈≈≈≈≈≈
≈≈≈≈≈≈* + * ≈##≈≈≈≈≈≈≈≈
≈≈≈≈≈≈** ≈≈≈≈##≈≈≈≈≈≈≈≈≈ ,
≈≈≈≈≈≈# ≈≈≈ ##≈≈≈≈≈≈≈≈≈≈,
#≈≈≈≈≈#######≈§§o§##.#≈
#≈≈≈≈≈≈≈≈≈≈≈≈≈≈§@§#∩.##≈
.≈≈≈≈≈≈≈≈≈≈≈≈≈≈§ooo...#≈ .
#≈≈≈≈≈≈≈≈≈≈≈≈≈§§≈≈##.##≈..
≈≈≈≈≈≈≈≈≈≈≈≈≈≈≈≈≈≈≈###≈≈..
≈≈≈≈≈≈≈≈≈≈≈≈≈≈≈≈≈≈≈≈≈≈≈≈..
..........................
..........................
..........................
..........................


You could see 2 orc warriors and 2 orcs.

Vanquished Creatures
  Maggie (D:6)
  A wyvern (D:7)
  Edmund (D:5)
  Duvessa (D:5)
  A black bear (D:7)
  3 orc warriors (Bailey)
  3 sky beasts
  An ogre (D:5)
  2 ice beasts
  A centaur (D:5)
  A kobold brigand (D:7)
  A necrophage (D:6)
  A scorpion (D:7)
  Dowan (D:5)
  5 killer bees (D:6)
  A hound (D:4)
  A jelly (D:4)
  3 orc priests
  3 iguanas
  5 orc wizards
  8 gnolls
  7 adders
  3 river rats (Sewer)
  A shadow imp (D:5)
  A white imp (D:7)
  4 ufetubi
  5 worms
  4 dart slugs
  17 orcs
  10 endoplasms
  3 giant cockroaches
  5 hobgoblins
  16 jackals
  16 kobolds
  6 quokkas
  3 training dummies (D:4)
  13 ball pythons
  6 bats
  12 frilled lizards
  13 goblins
  14 rats
204 creatures vanquished.

Vanquished Creatures (collateral kills)
  An orc warrior (Bailey)
  A gnoll shaman (D:7)
  An adder (D:4)
  A rat (D:5)
4 creatures vanquished.

Vanquished Creatures (others)
  An orc (Bailey)
  3 plants (D:4)
4 creatures vanquished.

Grand Total: 212 creatures vanquished

Notes
Turn   | Place    | Note
-------+----------+-------------------------------------------
     0 | D:1      | jmlagarto the Gnoll Chaos Knight began the quest for the
                  | Orb.
     0 | D:1      | Reached XP level 1. HP: 23/23 MP: 1/1
    78 | D:1      | XOM: potion effect (might)
    84 | D:1      | Reached XP level 2. HP: 29/29 MP: 2/2
   113 | D:1      | XOM: divination: detect creatures
   239 | D:1      | Reached XP level 3. HP: 35/35 MP: 3/3
   367 | D:1      | XOM is BORED!
   367 | D:1      | XOM: polymorph quokka -> adder
   375 | D:1      | Reached skill level 1 in Invocations
   606 | D:1      | Reached skill level 1 in Short Blades
   606 | D:1      | Reached skill level 1 in Long Blades
   606 | D:1      | Reached skill level 1 in Maces & Flails
   606 | D:1      | Reached skill level 1 in Polearms
   606 | D:1      | Reached skill level 1 in Staves
   606 | D:1      | Reached skill level 1 in Slings
   606 | D:1      | Reached skill level 1 in Bows
   606 | D:1      | Reached skill level 1 in Crossbows
   606 | D:1      | Reached skill level 1 in Throwing
   606 | D:1      | Reached skill level 1 in Stealth
   606 | D:1      | Reached skill level 1 in Shields
   606 | D:1      | Reached skill level 1 in Unarmed Combat
   606 | D:1      | Reached skill level 1 in Spellcasting
   606 | D:1      | Reached skill level 1 in Evocations
   617 | D:1      | XOM: give mutations
   617 | D:1      | Gained mutation: You are weak. (Str -2) [Xom's mischief]
   617 | D:1      | Lost mutation: You are weak. (Str -2) [Xom's mischief]
   617 | D:1      | Gained mutation: You are partially covered in large bone
                  | plates. (SH +4) [Xom's mischief]
   617 | D:1      | Gained mutation: You are frail. (-10% HP) [Xom's mischief]
   753 | D:1      | XOM: draining
   823 | D:2      | Reached XP level 4. HP: 21/31 MP: 5/5
   926 | D:2      | XOM: god gift: 42 gold pieces
  1099 | D:2      | Found a faded altar of an unknown god.
  1103 | D:2      | XOM: polymorph dart slug -> rat
  1385 | D:2      | Reached skill level 1 in Conjurations
  1385 | D:2      | Reached skill level 1 in Hexes
  1385 | D:2      | Reached skill level 1 in Summonings
  1385 | D:2      | Reached skill level 1 in Necromancy
  1385 | D:2      | Reached skill level 1 in Translocations
  1385 | D:2      | Reached skill level 1 in Transmutations
  1385 | D:2      | Reached skill level 1 in Fire Magic
  1385 | D:2      | Reached skill level 1 in Ice Magic
  1385 | D:2      | Reached skill level 1 in Air Magic
  1385 | D:2      | Reached skill level 1 in Earth Magic
  1385 | D:2      | Reached skill level 1 in Poison Magic
  1904 | D:3      | Identified the +0 kite shield "Kuadir" {Drain rF+++ Stlth+}
  2083 | D:3      | Reached XP level 5. HP: 42/42 MP: 6/6
  2276 | D:3      | XOM: give mutations
  2276 | D:3      | Gained mutation: You are somewhat resistant to further
                  | mutation. [Xom's grace]
  2276 | D:3      | Gained mutation: You are partially covered in iridescent
                  | scales. (AC +2) [Xom's grace]
  2276 | D:3      | Gained mutation: Your flesh is heat resistant. (rF+) [Xom's
                  | grace]
  2424 | D:3      | Found a blossoming altar of Fedhas.
  2460 | D:3      | Found a shadowy altar of Dithmenos.
  2510 | D:3      | Found Ziniq's Armour Emporium.
  2519 | D:3      | Bought a +0 helmet for 63 gold pieces
  2533 | D:3      | You fall into a shaft and drop 3 floors!
  2561 | D:6      | Noticed a sky beast
  2674 | D:6      | Found a sparkling altar of Nemelex Xobeh.
  2785 | D:6      | Noticed a sky beast
  2806 | D:5      | Entered Level 5 of the Dungeon
  2854 | D:5      | Found a staircase to the Ecumenical Temple.
  2915 | D:5      | Noticed Duvessa
  2916 | D:5      | Noticed Dowan
  2935 | D:5      | XOM: summons friendly shadow imp
  2938 | D:5      | XOM: scenery: summon butterflies
  2961 | D:5      | Found a glowing drain.
  2961 | D:5      | HP: 2/42 [Duvessa/+2 short sword of holy wrath (8)]
  2962 | D:5      | XOM: cleaving
  2967 | Sewer    | Entered a sewer
  3288 | Sewer    | XOM: cloud trail
  3320 | Sewer    | Reached XP level 6. HP: 47/47 MP: 8/8
  3665 | D:5      | XOM: fog
  3666 | D:5      | XOM: potion effect (haste)
  3683 | D:5      | Killed Duvessa
  3684 | D:5      | Reached skill level 5 in Armour
  3684 | D:5      | XOM: fake destruction
  3692 | D:5      | Killed Dowan
  3693 | D:5      | Reached XP level 7. HP: 35/53 MP: 8/10
  3923 | D:3      | Identified the +1 spear of Beyond {vorpal, rElec rC+}
  4233 | D:4      | Found Ogonim's Weapon Emporium.
  4382 | D:4      | XOM: smoke on damage
  4471 | D:4      | Found Taet Apy's Book Shop.
  4490 | D:4      | Found Atucsik's General Store.
  4618 | D:4      | Found an ancient bone altar of Kikubaaqudgha.
  4618 | D:4      | Found an opulent altar of Gozag.
  4618 | D:4      | Found a burning altar of Makhleb.
  4639 | D:4      | XOM: summons friendly ufetubus
  4708 | D:4      | XOM: silly message
  4806 | D:4      | Found Puuhecwu's Firing Range.
  5154 | D:5      | XOM: give mutation
  5154 | D:5      | Lost mutation: Your flesh is heat resistant. (rF+) [Xom's
                  | mischief]
  5209 | D:6      | XOM: 1-stop teleportation journey
  5334 | D:6      | XOM: 1-stop teleportation journey
  5345 | D:6      | Reached XP level 8. HP: 48/60 MP: 12/12
  5394 | D:6      | XOM: cloud trail
  5414 | D:6      | XOM: 2-stop teleportation journey
  5540 | D:6      | Found a hazy altar of Hepliaklqana.
  5568 | D:6      | Noticed Maggie
  5580 | D:6      | XOM: cast spell 'Summon Cactus Giant'
  5597 | D:6      | Killed Maggie
  6267 | D:5      | Noticed Edmund
  6275 | D:5      | XOM: divination: detect creatures
  6289 | D:5      | Killed Edmund
  6290 | D:5      | Reached XP level 9. HP: 20/64 MP: 14/14
  6706 | D:5      | Reached skill level 5 in Stealth
  6748 | D:5      | Found a sacrificial altar of Ru.
  7103 | D:6      | XOM: cast spell 'Olgreb's Toxic Radiance'
  7360 | D:7      | Found a snail-covered altar of Cheibriados.
  7408 | D:7      | XOM: silly message
  7482 | D:7      | XOM is BORED!
  7482 | D:7      | XOM: noise
  7572 | D:7      | XOM: summons friendly iron imp
  7590 | D:6      | Reached skill level 5 in Dodging
  7845 | D:7      | Found a hide-covered altar of Uskayaw.
  7845 | D:7      | XOM: 1-stop teleportation journey
  7853 | D:7      | XOM: divination: detect items
  8039 | D:7      | XOM: potion effect (haste)
  8167 | D:7      | Found a glowing silver altar of Zin.
  8203 | D:7      | Found a shimmering altar of Xom.
  8365 | D:8      | Found a flagged portal.
  8375 | Bailey   | Entered a bailey
  8409 | Bailey   | XOM: summons friendly quasit
  8441 | Bailey   | XOM: smoke on damage
  8446 | Bailey   | XOM: swap monsters
  8474 | Bailey   | XOM: silly message
  8488 | Bailey   | XOM: summons friendly white imp
  8492 | Bailey   | XOM: blink monster(s)
  8496 | Bailey   | XOM: divination: magic mapping
  8497 | Bailey   | Reached skill level 5 in Invocations
  8781 | Bailey   | XOM: give mutations
  8781 | Bailey   | Gained mutation: You sometimes lose the ability to read
                  | scrolls when taking damage. [Xom's mischief]
  8781 | Bailey   | Gained mutation: You occasionally shout uncontrollably at
                  | your foes. [Xom's mischief]
  8781 | Bailey   | Gained mutation: Armour fits poorly on your strangely
                  | shaped body. [Xom's mischief]
  8790 | Bailey   | XOM: give mutations
  8790 | Bailey   | Gained mutation: Your body sometimes deteriorates upon
                  | taking damage. [Xom's mischief]
  8790 | Bailey   | Gained mutation: You have large cloven feet. [Xom's
                  | mischief]
  8790 | Bailey   | Gained mutation: You are dopey. (Int -2) [Xom's mischief]
  8812 | Bailey   | XOM: confusion
  8821 | Bailey   | XOM: enchant monster (bad)
  8826 | Bailey   | XOM: chaos upgrade
  8827 | Bailey   | XOM: confusion
  8838 | Bailey   | XOM: fog
  8845 | Bailey   | HP: 1/66 [orc/bolt (12)]
  8845 | Bailey   | Shot with a bolt by an orc

Illustrated notes

Levels and vault maps discovered:
D:1:      ncdulo_wetmaze, layout_basic
D:2:      layout_rooms, hellmonk_ecumenical_altar_zigzags
D:3:      layout_loops_ring, mainiacjoe_overflow_two_lobes, serial_shops,
          nicolae_shop_crystal, kennysheep_generic_room_6
D:4:      layout_rooms, gammafunk_temple_overflow_forgotten, serial_shops,
          nicolae_shop_advertising_works [nicolae_subvault_shop_adworks],
          nicolae_inconvenience_store, shop, nicolae_shop_firing_range
D:5:      layout_cave_pools, lemuel_coloured_pillars_altar,
          minmay_temple_entry_poolview, portal_sewer_entry_e, uniq_duvessa,
          uniq_edmund
D:6:      layout_loops_ring, mainiacjoe_overflow_concentric_impassable,
          kennysheep_mini_moat, uniq_maggie
D:7:      layout_rooms, kennysheep_mini, mainiacjoe_overflow_paths,
          mainiacjoe_overflow_small_starburst, cheibriados_altar_1,
          minmay_fountain_box, st_stairs_9
D:8:      layout_loops_corners, enter_bailey_2, kennysheep_opposing_triangles
Bailey:   bailey_polearm_2, bailey

Skill      XL: |  1  2  3  4  5  6  7  8  9 |
---------------+----------------------------+-----
Invocations    | 1 2 3 4 5 |  5.1
Short Blades   | 1 2 3 4 |  4.6
Long Blades    | 1 2 3 4 |  4.6
Maces & Flails | 1 2 3 4 |  4.6
Polearms       | 1 2 3 4 |  4.6
Staves         | 1 2 3 4 |  4.6
Slings         | 1 2 3 4 |  4.6
Bows           | 1 2 3 4 |  4.6
Crossbows      | 1 2 3 4 |  4.6
Throwing       | 1 2 3 4 |  4.6
Stealth        | 1 2 3 4 6 |  6.2
Shields        | 1 2 3 4 |  4.6
Unarmed Combat | 1 2 3 4 |  4.6
Spellcasting   | 1 2 3 4 |  4.6
Evocations     | 1 2 3 4 |  4.6
Conjurations   | 1 2 3 |  3.8
Hexes          | 1 2 3 |  3.8
Summonings     | 1 2 3 |  3.8
Necromancy     | 1 2 3 |  3.8
Translocations | 1 2 3 |  3.8
Transmutations | 1 2 3 |  3.8
Fire Magic     | 1 2 3 |  3.8
Ice Magic      | 1 2 3 |  3.8
Air Magic      | 1 2 3 |  3.8
Earth Magic    | 1 2 3 |  3.8
Poison Magic   | 1 2 3 |  3.8
Dodging        | 3 4 5 |  5.3
Armour         | 5 6 |  6.6
Fighting       | 7 8 |  8.1
Axes           | 7 8 |  8.1

Action                   |  1- 3 |  4- 6 |  7- 9 || total
-------------------------+-------+-------+-------++-------
Melee: Hand axe          |    97 |   270 |    52 ||   419
       Bite              |     9 |    22 |    71 ||   102
       Punch             |       |     1 |       ||     1
       Spear             |       |       |   506 ||   506
Evoke: Piece from Xom's  |       |       |    11 ||    11
       Wand              |       |       |     1 ||     1
  Use: Scroll            |       |     5 |     7 ||    12
       Potion            |       |     2 |     6 ||     8
 Stab: Sleeping          |     1 |     6 |    13 ||    20
       Confused          |       |     1 |       ||     1
       Petrifying        |       |     1 |       ||     1
       Paralysed         |       |       |     6 ||     6
       Distracted        |       |       |     1 ||     1
Armor: Leather armour    |    38 |    18 |       ||    56
       Ring mail         |       |    67 |   114 ||   181
       Swamp dragon scal |       |       |    87 ||    87
Dodge: Dodged            |    62 |   100 |   165 ||   327
Block: Other             |     3 |    14 |       ||    17
       Kite shield       |       |   107 |   338 ||   445

Table legend: (Time is in decaauts)
 A = Elapsed time spent in this place.
 B = Non-inter-level travel time spent in this place.
 C = Inter-level travel time spent in this place.
 D = Time resting spent in this place.
 E = Time spent auto-exploring this place.
 F = Levels seen in this place.
 G = Mean time per level.
                   A        B        C        D        E       F      G
               +--------+--------+--------+--------+--------+-----+--------+
         Total |   8986 |   8635 |    351 |    952 |   5611 |  10 |  898.6 |
       Dungeon |   7726 |   7375 |    351 |    356 |   5301 |   8 |  965.8 |
         Sewer |    764 |    764 |      0 |    321 |    266 |   1 |  764.0 |
        Bailey |    495 |    495 |      0 |    275 |     43 |   1 |  495.0 |
               +--------+--------+--------+--------+--------+-----+--------+

Top non-repeatable levels by time:
     D:6: 1740 daAuts
     D:5: 1279 daAuts
     D:4: 1185 daAuts
     D:3: 954 daAuts
     D:2: 874 daAuts
     D:7: 865 daAuts
     D:1: 807 daAuts
   Sewer: 764 daAuts
  Bailey: 495 daAuts
     D:8: 20 daAuts
